AoeStats
← JuicedFire8623

Four Lakes

507722662Analyzed
1v1 RM · 14d ago on Sep 19, 2026· 63m 11s· 2 players
Game mode
Random Map
Map size
Tiny (2 player)
Population
200
Speed
Normal
Resources
Standard
Victory
Conquest
Starting age
Dark Age
Ending age
Imperial Age
RankedLock teamsTeams togetherTeam positionsShared explorationLock speedFull tech treeHidden civsTurbo modeCheats
Victory
Defeat
🇧🇷 Japanese · Brazil
279
+22
🇿🇦 Cumans · South Africa
413
-22
Márcio.MS
14:28 Feudal Age
12:47 Loom
20:20 Horse Collar
20:27 Double-Bit Axe
20:35 Gold Mining
24:29 Castle Age
25:37 Scale Barding Armor
25:36 Scale Mail Armor
25:37 Padded Archer Armor
28:04 Husbandry
32:49 Elite Skirmisher
36:20 Scale Mail Armor
36:36 Leather Archer Armor
40:10 Chain Mail Armor
40:06 Forging
43:45 Wheelbarrow
45:45 Iron Casting
51:05 Gold Shaft Mining
50:21 Stone Mining
65:43 Imperial Age
63:30 Hand Cart
JuicedFire8623
11:06 Feudal Age
11:49 Double-Bit Axe
18:26 Forging
18:07 Fletching
18:18 Padded Archer Armor
25:12 Castle Age
25:52 Crossbowman
26:38 Thumb Ring
27:39 Bodkin Arrow
28:00 Leather Archer Armor
32:28 Stone Mining
34:49 Wheelbarrow
35:01 Gold Mining
38:56 Hand Cart
41:48 Iron Casting
41:20 Scale Barding Armor
47:10 Chain Barding Armor
50:33 Imperial Age
55:27 Ring Archer Armor
55:43 Elite Kipchak
Connection lost

Rejoining the realm…

Still unreachable

The connection could not be restored.

Session expired

The server has moved on; the page needs a fresh start.